 Dungeon Sprint DCSS version 0.26-a0-652-gafc20e3620 (webtiles) character file.

Game seed: 2692068164231714120

32486 mhtbhm the Wrestler (level 13, -7/135 HPs)
             Began as a Troll Monk on Oct 3, 2020.
             Was the Champion of Okawaru.
             Mangled by a ghost moth (12 damage)
             ... in the Dungeon (Sprint IX: "|||||||||||||||||||||||||||||").
             The game lasted 00:08:24 (2995 turns).

mhtbhm the Wrestler (Troll Monk)                    Turns: 2995, Time: 00:08:24

Health: -7/135     AC: -4    Str: 25 (26) XL:     13   Next: 31%
Magic:  0/13       EV: 15    Int:  5 (6)  God:    Okawaru [******]
Gold:   389        SH:  0    Dex: 17 (18) Spells: 12/12 levels left

rFire    + + .     SeeInvis .     - Unarmed
rCold    x . .     Faith    .   (no shield)
rNeg     . . .     Spirit   .   a - +1 fire dragon scales
rPois    +         Reflect  .   o - +1 hat {MR+}
rElec    .         Harm     .   l - +0 cloak
rCorr    .         Rampage  .   (gloves unavailable)
MR       +....     NoTele   +   (boots unavailable)
Stlth    ++........             (no amulet)
HPRegen  0.72/turn              t - ring of Vexerch {Dex+6 Slay+2}
MPRegen  0.13/turn              H - ring of poison resistance

@: corroded
A: large, unfitting armour, claws 3, regeneration 1, shaggy fur 1, tough skin 3
a: Heroism, Finesse, Renounce Religion


You were in the Dungeon.
You worshipped Okawaru.
Okawaru was exalted by your worship.
You visited 1 branch You collected 1915 gold pieces.
You spent 1526 gold pieces at shops.

Inventory:

Hand Weapons
 n - the +0 arbalest "Wikeqefa" {venom, Int+5, unknown}
   (Okawaru gifted it to you in the Dungeon)

   It poisons the ammo it fires.
   It affects your intelligence (+5).
Missiles
 s - 11 poisoned darts
 w - 8 curare-tipped darts (quivered)
 G - a throwing net
Armour
 a - +1 fire dragon scales (worn)
 l - a +0 cloak (worn)
 o - a +1 hat of magic resistance (worn)
 v - +0 fire dragon scales
Jewellery
 t - the ring of Vexerch (left claw) {Dex+6 Slay+2}
   (You found it in the Dungeon)

   [ring of dexterity]

   It affects your dexterity (+6).
   It affects your accuracy and damage with ranged weapons and melee attacks
   (+2).
 D - an uncursed ring of resist corrosion
 H - a ring of poison resistance (right claw)
 I - an uncursed ring of protection from cold
Wands
 k - a wand of acid (19)
 x - a wand of paralysis (12)
 E - a wand of random effects (23)
 F - a wand of iceblast (7)
Scrolls
 g - 3 scrolls of blinking
 i - 4 scrolls of remove curse
 j - 2 scrolls of amnesia
 m - 2 scrolls of fear
 u - 7 scrolls of enchant weapon
 A - a scroll of magic mapping {unknown}
 B - 4 scrolls of identify
 J - 2 scrolls of enchant armour
Potions
 b - 3 potions of curing
 c - 10 potions of heal wounds
 d - 2 potions of haste
 e - 4 potions of magic
 f - a potion of berserk rage
 h - a potion of invisibility
 p - 2 potions of might
 q - 2 potions of brilliance
 r - 3 potions of stabbing
 z - a potion of flight {unknown}
Miscellaneous
 y - a condenser vane (2/2)
 C - a phantom mirror


   Skills:
 + Level 10.6 Fighting
 + Level 4.4 Throwing
 + Level 10.6 Armour
 + Level 11.1 Dodging
 - Level 6.0 Stealth
 + Level 24.3 Unarmed Combat
 + Level 1.5 Invocations
 + Level 2.6 Evocations


You had 12 spell levels left.
You didn't know any spells.
Your spell library was empty.

Dungeon Overview and Level Annotations

Branches:
Dungeon (1/1)

Altars:
Cheibriados
Dithmenos
Elyvilon
Fedhas
Gozag
Hepliaklqana
Kikubaaqudgha
Makhleb
Nemelex Xobeh
Okawaru
Qazlal
Ru
Sif Muna
Trog
Uskayaw
Vehumet
Wu Jian
Xom
Yredelemnul
Zin
The Shining One
Beogh
Jiyva
Lugonu

Shops:
D }[:*


Innate Abilities, Weirdness & Mutations

You are too large for most types of armour.
You have claws for hands.
Your natural rate of healing is unusually fast.
You are covered in fur. (AC +1)
You have extremely tough skin. (AC +3)


Message History

Something stings you!
* * * LOW HITPOINT WARNING * * *
Unknown command.
You see here a jumping spider corpse.
You feel you are being watched by something.
Something completely misses you. Something hits you!
* * * LOW HITPOINT WARNING * * *
Something stings you!
* * * LOW HITPOINT WARNING * * *
Unknown command.
You feel much better.
You feel you are being watched by something.
You feel your power leaking away. Something hits you.
* * * LOW HITPOINT WARNING * * *
Something hits you!
* * * LOW HITPOINT WARNING * * *
You feel weakened. Something stings you!
You die...

▓▓▓▓▓▓▓▓▓▓▓▓▓▓▓▓▓▓▓▓▓▓▓▓▓▓▓
...°°☼○††.@p..†p)'(.....p..
♣♣♣♣▓▓▓▓▓▓▓▓▓▓▓▓▓▓▓▓▓▓▓▓▓▓▓▓▓▓▓▓▓
..........†...)†.................
▓▓▓▓▓▓▓▓▓▓▓▓▓▓▓▓▓▓▓▓▓▓▓▓▓▓▓▓▓▓▓▓▓
.......[[[[[=[[.)))))))).....'...
▓▓▓▓▓▓▓▓▓▓▓▓▓▓▓▓▓▓▓▓▓▓▓▓▓▓▓▓▓▓▓▓▓
..........)................).....
▓▓▓▓▓▓▓▓▓▓▓▓▓▓▓▓▓▓▓▓▓▓▓▓▓▓▓▓▓▓▓▓▓
.))))))))))'.....)[))))))'....)).


You could see 2 neutral humans.

Vanquished Creatures
  Kirke (D)
  Gastronok (D)
  Agnes (D)
  2 entropy weavers (D)
  A stone giant (D)
  A vampire knight (D)
  2 ogre magi (D)
  Harold (D)
  3 naga warriors (D)
  A centaur warrior (D)
  A naga sharpshooter (D)
  A shock serpent (D)
  Sonja (D)
  A swamp dragon (shapeshifter) (D)
  A glowing orange brain (D)
  10 orc knights (D)
  An orb spider (D)
  An orc sorcerer (D)
  An ugly thing (D)
  3 wolf spiders (D)
  A naga mage (D)
  3 black mambas (D)
  Maurice (D)
  A rime drake (D)
  9 cane toads (D)
  2 jumping spiders (D)
  A troll (D)
  A tyrant leech (D)
  A slime creature (D)
  A blink frog (D)
  A hippogriff (D)
  2 shadows (D)
  A hog (D)
  2 yaks (D)
  Eustachio (D)
  Grum (D)
  2 vampire mosquitoes (D)
  2 basilisks (D)
  An acid dragon (D)
  2 water moccasins (D)
  2 porcupines (D)
  14 orc warriors (D)
  A boggart (D)
  A sky beast (D)
  2 wolves (D)
  2 crocodiles (D)
  A big kobold (D)
  5 bullfrogs (D)
  A jelly (D)
  4 orc priests (D)
  A hound (D)
  4 orc wizards (D)
  A worker ant (D)
  A shadow imp (D)
  A white imp (D)
  An ufetubus (D)
  An ooze (D)
  An adder zombie (D)
  A leopard gecko (D)
  7 orcs (D)
  A goblin (D)
  A kobold (D)
  A bat (D)
  A giant cockroach zombie (D)
  A quokka skeleton (D)
  A rat (D)
129 creatures vanquished.

Notes
Turn   | Place    | Note
-------+----------+-------------------------------------------
     0 | D        | mhtbhm the Troll Monk began the quest for the Orb.
     0 | D        | Reached XP level 1. HP: 22/22 MP: 0/0
    14 | D        | Reached XP level 2. HP: 31/31 MP: 1/1
   121 | D        | Reached skill level 4 in Unarmed Combat
   131 | D        | Reached XP level 3. HP: 28/39 MP: 2/2
   133 | D        | Reached skill level 5 in Unarmed Combat
   148 | D        | Found a roughly hewn altar of Beogh.
   148 | D        | Found a snail-covered altar of Cheibriados.
   148 | D        | Found a shadowy altar of Dithmenos.
   148 | D        | Found a white marble altar of Elyvilon.
   148 | D        | Found a blossoming altar of Fedhas.
   148 | D        | Found an opulent altar of Gozag.
   149 | D        | Found a hazy altar of Hepliaklqana.
   150 | D        | Found a viscous altar of Jiyva.
   151 | D        | Found an ancient bone altar of Kikubaaqudgha.
   152 | D        | Found a corrupted altar of Lugonu.
   153 | D        | Found a burning altar of Makhleb.
   154 | D        | Found a sparkling altar of Nemelex Xobeh.
   155 | D        | Found an iron altar of Okawaru.
   156 | D        | Found a stormy altar of Qazlal.
   157 | D        | Found a sacrificial altar of Ru.
   158 | D        | Found a shimmering blue altar of Sif Muna.
   168 | D        | Found a bloodstained altar of Trog.
   169 | D        | Found a hide-covered altar of Uskayaw.
   170 | D        | Found a radiant altar of Vehumet.
   171 | D        | Found an ornate altar of the Wu Jian Council.
   172 | D        | Became a worshipper of Warmaster Okawaru
   172 | D        | Reached * piety under Okawaru
   172 | D        | Reached ** piety under Okawaru
   173 | D        | Found a shimmering altar of Xom.
   174 | D        | Found a basalt altar of Yredelemnul.
   175 | D        | Found a glowing silver altar of Zin.
   176 | D        | Found a glowing golden altar of the Shining One.
   208 | D        | Noticed a hippogriff
   208 | D        | Noticed a big kobold
   209 | D        | Reached XP level 4. HP: 49/49 MP: 3/3
   210 | D        | Reached skill level 6 in Unarmed Combat
   215 | D        | Killed a big kobold
   215 | D        | Reached skill level 5 in Fighting
   215 | D        | Reached skill level 5 in Dodging
   215 | D        | Reached skill level 7 in Unarmed Combat
   215 | D        | Reached XP level 5. HP: 48/57 MP: 4/4
   223 | D        | Killed a hippogriff
   223 | D        | Reached skill level 9 in Unarmed Combat
   223 | D        | Reached XP level 6. HP: 47/68 MP: 5/5
   356 | D        | Noticed a shadow
   356 | D        | Noticed a vampire mosquito
   358 | D        | Reached *** piety under Okawaru
   363 | D        | Reached skill level 10 in Unarmed Combat
   365 | D        | Killed a vampire mosquito
   365 | D        | Reached XP level 7. HP: 64/78 MP: 6/6
   371 | D        | Killed a shadow
   371 | D        | Reached skill level 11 in Unarmed Combat
   382 | D        | Reached **** piety under Okawaru
   484 | D        | Noticed Gastronok
   500 | D        | Killed Gastronok
   500 | D        | Reached ***** piety under Okawaru
   500 | D        | Reached skill level 14 in Unarmed Combat
   500 | D        | Reached XP level 8. HP: 67/91 MP: 7/7
   500 | D        | Reached XP level 9. HP: 72/97 MP: 8/8
   560 | D        | Got the ring of Vexerch {Dex+6 Slay+2}
   576 | D        | Noticed a rime drake
   578 | D        | Noticed a cane toad
   581 | D        | Noticed a cane toad
   585 | D        | Killed a rime drake
   585 | D        | Reached skill level 15 in Unarmed Combat
   601 | D        | Killed a cane toad
   605 | D        | Killed a cane toad
   605 | D        | Reached skill level 16 in Unarmed Combat
   986 | D        | Noticed a cane toad
   986 | D        | Noticed a cane toad
   990 | D        | Killed a cane toad
   990 | D        | Reached ****** piety under Okawaru
   990 | D        | Reached XP level 10. HP: 94/107 MP: 9/9
  1001 | D        | Killed a cane toad
  1001 | D        | Received a gift from Okawaru
  1001 | D        | Reached skill level 17 in Unarmed Combat
  1085 | D        | Noticed a cane toad
  1085 | D        | Noticed a cane toad
  1085 | D        | Noticed a cane toad
  1085 | D        | Noticed a cane toad
  1088 | D        | Reached skill level 10 in Dodging
  1091 | D        | Killed a cane toad
  1097 | D        | Killed a cane toad
  1097 | D        | Reached skill level 18 in Unarmed Combat
  1106 | D        | Killed a cane toad
  1108 | D        | Killed a cane toad
  1115 | D        | Noticed a cane toad
  1119 | D        | Killed a cane toad
  1250 | D        | Noticed Eustachio
  1252 | D        | Noticed Sonja
  1259 | D        | Killed Eustachio
  1259 | D        | Reached skill level 1 in Armour
  1275 | D        | Killed Sonja
  1275 | D        | Reached skill level 19 in Unarmed Combat
  1432 | D        | Noticed an orc knight
  1439 | D        | Reached XP level 11. HP: 117/117 MP: 10/10
  1456 | D        | Killed an orc knight
  1526 | D        | Noticed an orc knight
  1532 | D        | Killed an orc knight
  1533 | D        | Noticed an orc sorcerer
  1547 | D        | Reached skill level 1 in Throwing
  1550 | D        | Killed an orc sorcerer
  1555 | D        | Reached skill level 20 in Unarmed Combat
  1623 | D        | Found Dubboq's Assorted Antiques.
  1623 | D        | Noticed an orc knight
  1623 | D        | Noticed an orc knight
  1623 | D        | Noticed an orc knight
  1625 | D        | Noticed an orc knight
  1628 | D        | Killed an orc knight
  1628 | D        | Received a gift from Okawaru
  1633 | D        | Noticed an orc knight
  1639 | D        | Killed an orc knight
  1639 | D        | Noticed an orc knight
  1716 | D        | Killed an orc knight
  1716 | D        | Reached skill level 1 in Invocations
  1784 | D        | Killed an orc knight
  1787 | D        | Killed an orc knight
  1897 | D        | Found Getets Itigh's Book Shop.
  1901 | D        | Found Icyo's Armour Boutique.
  1903 | D        | Found Hixiasch's Gadget Shop.
  1904 | D        | Noticed an orc knight
  1908 | D        | Killed an orc knight
  1908 | D        | Reached skill level 5 in Armour
  1908 | D        | Reached skill level 21 in Unarmed Combat
  1909 | D        | Noticed an orc knight
  1914 | D        | Killed an orc knight
  1978 | D        | Killed an orc knight
  2177 | D        | Bought a condenser vane (2/2) for 220 gold pieces
  2177 | D        | Bought a wand of acid (10) for 308 gold pieces
  2183 | D        | Bought a scroll of enchant weapon for 165 gold pieces
  2183 | D        | Bought a pink potion for 19 gold pieces
  2183 | D        | Bought a scroll labeled JIFORE JE SOA for 22 gold pieces
  2183 | D        | Bought a scroll labeled HAMISOUGGUWUNT for 22 gold pieces
  2183 | D        | Bought a scroll labeled HAMISOUGGUWUNT for 22 gold pieces
  2183 | D        | Bought a potion of haste for 220 gold pieces
  2228 | D        | Bought a phantom mirror for 330 gold pieces
  2228 | D        | Bought a wand of paralysis (6) for 88 gold pieces
  2234 | D        | Bought an onyx ring for 110 gold pieces
  2258 | D        | Noticed Grum
  2270 | D        | Killed Grum
  2300 | D        | Noticed Maurice
  2310 | D        | Killed Maurice
  2324 | D        | Noticed Harold
  2330 | D        | Killed Harold
  2464 | D        | Noticed a red ugly thing
  2464 | D        | Noticed an ogre mage
  2464 | D        | Noticed a centaur warrior
  2467 | D        | Killed a centaur warrior
  2467 | D        | Reached skill level 10 in Fighting
  2467 | D        | Reached XP level 12. HP: 124/126 MP: 12/12
  2470 | D        | Received a gift from Okawaru
  2474 | D        | Killed an ogre mage
  2481 | D        | Reached skill level 22 in Unarmed Combat
  2482 | D        | Noticed an ogre mage
  2483 | D        | Noticed a stone giant
  2494 | D        | Killed a stone giant
  2500 | D        | Killed an ogre mage
  2500 | D        | Reached skill level 1 in Evocations
  2501 | D        | Noticed a vampire knight
  2510 | D        | Killed a vampire knight
  2510 | D        | Received a gift from Okawaru
  2635 | D        | Noticed Agnes
  2646 | D        | Killed Agnes
  2646 | D        | Reached skill level 5 in Stealth
  2686 | D        | Noticed Kirke
  2695 | D        | Killed Kirke
  2695 | D        | Reached skill level 23 in Unarmed Combat
  2789 | D        | Noticed a naga warrior
  2789 | D        | Noticed a naga warrior
  2791 | D        | Killed a naga warrior
  2800 | D        | Noticed a naga warrior
  2801 | D        | Received a gift from Okawaru
  2806 | D        | Killed a naga warrior
  2807 | D        | Reached XP level 13. HP: 40/135 MP: 13/13
  2876 | D        | Got an encrusted arbalest {god gift}
  2968 | D        | Noticed an entropy weaver
  2968 | D        | Noticed an entropy weaver
  2976 | D        | Reached skill level 10 in Armour
  2982 | D        | Killed an entropy weaver
  2982 | D        | Reached skill level 24 in Unarmed Combat
  2984 | D        | Killed an entropy weaver
  2993 | D        | HP: 5/135 [something (8)]
  2995 | D        | Mangled by a ghost moth

Illustrated notes

Levels and vault maps discovered:
D:        linesprint [early_d, line_temple, items_1, d_10, items_2, lair_1,
          lair_end, items_3, orc_1, orc_end, items_4, d_15, swamp_1, shoals_1,
          snake_1, spider_1, d_20, vaults_1, items_5, swamp_end, shoals_end,
          snake_end, spider_end, vaults_end, d_27, items_6, zot_1, zot_end,
          crypt_end, forest_end, elf_end, slime_end, tomb_end, abyss_end,
          pan_hell_end]

Skill      XL: |  1  2  3  4  5  6  7  8  9 10 11 12 13 |
---------------+----------------------------------------+-----
Fighting       | 3 4 5 6 7 8 9 10 | 10.6
Dodging        | 3 4 5 6 7 8 9 10 11 | 11.1
Unarmed Combat | 4 5 7 9 10 14 16 19 21 23 24 | 24.3
Stealth        | 2 3 5 6 |  6.0
Armour         | 1 6 9 10 | 10.6
Throwing       | 3 4 |  4.4
Invocations    | 1 |  1.5
Evocations     | 2 |  2.6

Action                   |  1- 3 |  4- 6 |  7- 9 | 10-12 | 13-15 || total
-------------------------+-------+-------+-------+-------+-------++-------
Melee: Unarmed           |    32 |    20 |    62 |   223 |    21 ||   358
       Punch             |     1 |     1 |     8 |    36 |     3 ||    49
Throw: Dart              |       |       |       |     9 |     1 ||    10
Invok: Heroism           |       |       |       |     2 |       ||     2
Evoke: Wand              |       |       |     1 |       |       ||     1
       Condenser vane    |       |       |       |     4 |     1 ||     5
  Use: Potion            |       |       |       |     2 |     4 ||     6
 Stab: Confused          |       |       |       |     4 |       ||     4
Armor: Robe              |     8 |     6 |     9 |     2 |       ||    25
       Fire dragon scale |       |       |       |    37 |     5 ||    42
Dodge: Dodged            |    16 |     8 |    15 |    85 |    22 ||   146

Table legend: (Time is in decaauts)
 A = Elapsed time spent in this place.
 B = Non-inter-level travel time spent in this place.
 C = Inter-level travel time spent in this place.
 D = Time resting spent in this place.
 E = Time spent auto-exploring this place.
 F = Levels seen in this place.
 G = Mean time per level.
                   A        B        C        D        E       F      G
               +--------+--------+--------+--------+--------+-----+--------+
         Total |   2874 |   2874 |      0 |   1201 |    307 |   1 | 2874.0 |
       Dungeon |   2874 |   2874 |      0 |   1201 |    307 |   1 | 2874.0 |
               +--------+--------+--------+--------+--------+-----+--------+

Top non-repeatable levels by time:
       D: 2874 daAuts
